 Dungeon Crawl Stone Soup version 0.18-a0-1413-g4eaa9ac (webtiles) character file.

151 M4edhros the Ducker (level 5, -1/33 HPs)
             Began as an Octopode Artificer on Feb 25, 2016.
             Was a Believer of Cheibriados.
             Slain by a rat (2 damage)
             ... on level 3 of the Dungeon.
             The game lasted 00:02:50 (2102 turns).

M4edhros the Ducker (Octopode Artificer)            Turns: 2102, Time: 00:02:50

Health: -1/33      AC:  1    Str: 19    XL:     5   Next: 33%
Magic:  16/16      EV: 22    Int: 23    God:    Cheibriados [**....]
Gold:   125        SH:  0    Dex: 23    Spells: 0 memorised, 4 levels left

rFire  . . .     SeeInvis .     (no weapon)
rCold  . . .     Gourm    .     (no shield)
rNeg   . . .     Faith    .     (helmet restricted)
rPois  .         Spirit   .     n - amulet of magic regeneration
rElec  .         Dismiss  .     p - ring of magical power
rCorr  .         Reflect  .     (no ring)
SustAt .         Harm     .     (no ring)
MR     .....                    (no ring)
Stlth  ++++......               (no ring)
                                (no ring)
                                (no ring)
                                (no ring)

@: mighty, brilliant, agile, very slow, not resistant to hostile enchantments,
stealthy
A: almost no armour, amphibious, 8 rings, constrict 8, camouflage 1, gelatinous
body 1
a: Bend Time, Renounce Religion


You were on level 3 of the Dungeon.
You worshipped Cheibriados.
Cheibriados was pleased with you.
You were not hungry.

You visited 1 branch of the dungeon, and saw 3 of its levels.

You collected 125 gold pieces.

Inventory:

Hand Weapons
 m - a +0 flail of protection
Jewellery
 n - an amulet of magic regeneration (around mantle)
 p - a ring of magical power (left tentacle)
Wands
 b - a wand of flame (14/48)
 c - a wand of enslavement (13/24)
 d - a wand of random effects (15/48)
Scrolls
 a - 3 scrolls of identify {unknown}
 j - a scroll of fear {unknown}
 l - 3 scrolls of remove curse {unknown}
 q - a scroll of enchant armour {unknown}
 r - a scroll of teleportation {unknown}
Comestibles
 f - a bread ration
 g - 2 beef jerkies
 h - 4 meat rations
 k - 3 chunks of flesh


   Skills:
 - Level 1.0 Fighting
   Level 1.0 Short Blades
 + Level 5.3 Dodging
 - Level 1.3 Stealth
 - Level 3.2 Evocations


You had 4 spell levels left.
You didn't know any spells.

Dungeon Overview and Level Annotations

Branches:
Dungeon (3/15)

Altars:
Ashenzari
Cheibriados
Kikubaaqudgha
Makhleb
Nemelex Xobeh
Okawaru
Ru
Yredelemnul
Zin
The Shining One


Innate Abilities, Weirdness & Mutations

You cannot wear most types of armour.
You are amphibious.
You can wear up to eight rings at the same time.
You can use your tentacles to constrict eight enemies at once.
Your skin changes colour to match your surroundings (Stealth).
Your rubbery body absorbs attacks (AC +1).


Message History

The puff of flame misses the orc priest.
The puff of flame hits the orc.
You kill the orc!
Cheibriados appreciates the change of pace.
This wand has 14 charges left.
The orc priest invokes the aid of Beogh against you.
Pain shoots through your body!
* * * LOW HITPOINT WARNING * * *
The rat bites you.
* * * LOW HITPOINT WARNING * * *
A kobold comes into view. It is wielding a dagger.
You aren't carrying any potions.
Read which item? (? for menu, Esc to quit)
Okay, then.
Okay, then.
Evoke which item? (* to show all) (? for menu, Esc to quit)
Zapping:
c - a wand of enslavement (14/24)
Press: ? - help, Shift-Dir - straight line, p - orc priest The orc priest is charmed.
This wand has 13 charges left.
The rat bites you.
You die...

#.......###
###.###..<#####
#.# ###.....# #
#.# #####.. ##.
#[# ### ....
#.# ....K####
#.#
#.....).####.#
#.o@.....#
#)r..#####
#.)o...#
#..##### #.. #.
#


You could see an orc, a kobold, a rat and a friendly orc priest.

Vanquished Creatures
  An orc wizard (D:3)
  Terence (D:2)
  An adder (D:2)
  2 worms (D:2)
  A dart slug (D:1)
  3 giant geckos
  9 orcs (D:3)
  10 bats
  A giant cockroach (D:2)
  4 goblins
  9 hobgoblins
  4 kobolds
  A quokka (D:3)
  2 giant newts
  5 rats
54 creatures vanquished.

Vanquished Creatures (collateral kills)
  A goblin (D:3)
1 creature vanquished.

Vanquished Creatures (others)
  An orc priest (D:3)
1 creature vanquished.

Grand Total: 56 creatures vanquished

Notes
Turn   | Place    | Note
--------------------------------------------------------------
     0 | D:1      | M4edhros the Octopode Artificer began the quest for the Orb.
     0 | D:1      | Reached XP level 1. HP: 13/13 MP: 3/3
   101 | D:1      | Found a snail-covered altar of Cheibriados.
   149 | D:1      | Became a worshipper of Cheibriados the Contemplative
   168 | D:1      | Reached XP level 2. HP: 12/18 MP: 4/4
   327 | D:1      | Reached skill level 3 in Dodging
   634 | D:1      | Reached XP level 3. HP: 14/23 MP: 5/5
   958 | D:2      | Reached * piety under Cheibriados
  1287 | D:2      | Found a glowing golden altar of the Shining One.
  1437 | D:2      | Noticed Terence
  1446 | D:2      | Reached skill level 4 in Dodging
  1446 | D:2      | Reached XP level 4. HP: 20/28 MP: 6/6
  1467 | D:2      | Killed Terence
  1473 | D:2      | Found a basalt altar of Yredelemnul.
  1601 | D:2      | Found a sacrificial altar of Ru.
  1602 | D:2      | Found a shattered altar of Ashenzari.
  1609 | D:2      | Found a glowing silver altar of Zin.
  1610 | D:2      | Found a burning altar of Makhleb.
  1610 | D:2      | Found a glowing golden altar of the Shining One.
  1610 | D:2      | Found an ancient bone altar of Kikubaaqudgha.
  1610 | D:2      | Found a sparkling altar of Nemelex Xobeh.
  1616 | D:2      | Found an iron altar of Okawaru.
  1938 | D:3      | Reached skill level 5 in Dodging
  1938 | D:3      | Reached XP level 5. HP: 14/33 MP: 7/7
  2038 | D:3      | Reached ** piety under Cheibriados
  2101 | D:3      | HP: 1/33 [rat (2)]
  2102 | D:3      | Slain by a rat

Vault maps used:
D:1:      roderic_crop_circles_arrival_small, cheibriados_altar_1
D:2:      overflow_temple_1_default, minitemple, nicolae_tso_swordbearing_angel,
          uniq_terence

Skill      XL: |  1  2  3  4 |
---------------+-------------+-----
Dodging        | 3 4 5 |  5.3
Fighting       | |  1.0
Short Blades   | |  1.0
Stealth        | |  1.3
Evocations     | |  3.2

Action                   |  1- 3 |  4- 6 || total
-------------------------+-------+-------++-------
Melee: Unarmed           |   109 |    61 ||   170
Evoke: Wand              |       |     3 ||     3
  Use: Potion            |       |     3 ||     3
 Stab: Sleeping          |    14 |     4 ||    18
  Eat: Pizza             |       |     1 ||     1
       Chunk             |       |     1 ||     1
